AoeStats
← Santi86 #Loser

Highland

506090641Analyzed
2v2 RM · 20d ago on Sep 12, 2026· 64m 18s· 4 players
Game mode
Random Map
Map size
Medium (4 player)
Population
200
Speed
Normal
Resources
Standard
Victory
Conquest
Starting age
Dark Age
Ending age
Imperial Age
RankedLock teamsTeams togetherTeam positionsShared explorationLock speedFull tech treeHidden civsTurbo modeCheats
Victory
Defeat
🇬🇧 Byzantines · United Kingdom
882
+15
🇬🇧 Franks · United Kingdom
859
+16
873
-16
🇵🇱 Bengalis · Poland
858
-15
Sir Floyd The Breathless
10:35 Feudal Age
11:21 Horse Collar
11:30 Double-Bit Axe
17:43 Heavy Plow
18:19 Bow Saw
18:01 Gold Mining
21:59 Castle Age
22:00 Wheelbarrow
22:13 Loom
23:25 Crop Rotation
23:30 Gold Shaft Mining
24:06 Two-Man Saw
23:16 Husbandry
22:36 Cavalier
27:54 Hand Cart
28:57 Forging
28:52 Scale Barding Armor
29:08 Stone Mining
30:50 Iron Casting
30:20 Scale Barding Armor
31:42 Stone Shaft Mining
31:46 Scale Mail Armor
34:15 Fortified Wall
34:21 Masonry
33:54 Treadmill Crane
34:37 Chain Barding Armor
37:34 Imperial Age
36:11 Murder Holes
36:50 Ballistics
36:41 Careening
36:41 Clinker Construction
36:25 Light Cavalry
38:58 Architecture
38:01 Hussar
41:58 Medium Warships
43:32 Heavy Warships
42:54 Crossbowman
47:06 Paladin
49:28 Chemistry
60:25 Pikeman
Santi86 #Loser
7:43 Loom
10:02 Feudal Age
11:32 Double-Bit Axe
12:32 Horse Collar
19:43 Castle Age
19:20 Fletching
19:31 Padded Archer Armor
21:34 Pikeman
22:59 Bodkin Arrow
24:34 Forging
24:31 Scale Mail Armor
24:54 Bow Saw
24:53 Heavy Plow
28:30 Wheelbarrow
28:30 Squires
32:01 Crossbowman
38:51 Imperial Age
37:21 Hand Cart
37:32 Leather Archer Armor
37:41 Ballistics
37:16 Heated Shot
38:22 Arson
39:04 Paiks
39:45 Halberdier
39:49 Arbalester
41:12 Elite Elephant Archer
43:52 Conscription
44:12 Bracer
44:42 Ring Archer Armor
44:48 Iron Casting
44:28 Chain Mail Armor
44:19 Scale Barding Armor
44:26 Siege Elephant
48:01 Elite Ratha (Ranged)
49:06 Mahayana
61:11 Elite Skirmisher
edd_harrison
9:00 Loom
12:04 Feudal Age
17:40 Castle Age
17:00 Scale Barding Armor
16:55 Double-Bit Axe
17:04 Gold Mining
19:09 Forging
21:48 Stone Mining
32:52 Imperial Age
31:26 Bow Saw
34:12 Wheelbarrow
34:29 Gold Shaft Mining
34:31 Iron Casting
34:19 Chain Barding Armor
33:49 Fletching
33:37 Crossbowman
33:44 Cavalier
34:56 Conscription
36:31 Blast Furnace
35:31 Scale Mail Armor
36:59 Hand Cart
40:55 Chemistry
40:15 Ballistics
40:02 Siege Engineers
39:53 Murder Holes
39:26 Elite Throwing Axeman
41:41 Arson
42:16 Chain Mail Armor
41:57 Bodkin Arrow
42:39 Plate Barding Armor
42:04 Padded Archer Armor
46:26 Plate Mail Armor
46:12 Leather Archer Armor
45:23 Elite Skirmisher
46:58 Masonry
46:33 Paladin
55:03 Chivalry
55:24 #83
54:37 Light Cavalry
Doc Chair
10:43 Loom
13:12 Feudal Age
17:45 Castle Age
15:44 Double-Bit Axe
16:18 Horse Collar
18:47 Heavy Plow
19:03 Bow Saw
27:19 Wheelbarrow
30:55 Fishing Lines
30:37 Demolition Ship
31:27 Medium Warships
31:39 Medium Warships
30:52 Demolition Ship
34:50 Imperial Age
33:03 Hand Cart
33:19 Scale Barding Armor
33:30 Forging
35:26 Greek Fire
37:59 Ballistics
37:46 Siphons
38:43 Chemistry
37:40 Murder Holes
38:40 Squires
38:01 Pikeman
40:07 Halberdier
43:25 Two-Man Saw
44:13 Chain Barding Armor
43:54 Scale Mail Armor
44:30 Iron Casting
46:36 Guard Tower
46:32 Arrowslits
47:10 Shipwright
47:02 Clinker Construction
47:04 Careening
47:47 Fletching
47:58 Padded Archer Armor
48:34 Plate Barding Armor
48:14 Chain Mail Armor
47:31 Elite Cataphract
48:40 Capped Ram
49:55 Arson
49:58 Siege Ram
52:17 Conscription
53:09 Guilds
53:21 Logistica
53:43 Thumb Ring
53:05 Elite Skirmisher
53:55 Elite Skirmisher
55:39 Hoardings
55:20 Padded Archer Armor
55:39 Caravan
Connection lost

Rejoining the realm…

Still unreachable

The connection could not be restored.

Session expired

The server has moved on; the page needs a fresh start.